 Dungeon Crawl Stone Soup version 0.29-a0-819-g94b489e0ae (webtiles) character file.

Game seed: 3000959973480187721

21 wingedge the Digger (level 2, 0/16 HPs)
             Began as a Gargoyle Earth Elementalist on July 6, 2022.
             Was an Initiate of Yredelemnul.
             Killed by nerve-wracking pain
             ... invoked by an orc priest
              (1 damage)
             ... on level 2 of the Dungeon.
             The game lasted 00:04:52 (888 turns).

wingedge the Digger (Gargoyle Earth Elementalist)    Turns: 888, Time: 00:04:52

Health: 0/16       AC:  5    Str: 11    XL:     2   Next: 83%
Magic:  4/5        EV: 12    Int: 15    God:    Yredelemnul [......]
Gold:   69         SH:  0    Dex: 10    Spells: 4/5 levels left

rFire   . . .      SeeInvis .   e - +0 hand axe
rCold   . . .      Faith    .   (no shield)
rNeg    + . .      Spirit   .   a - +0 robe
rPois   ∞          Reflect  .   (no helmet)
rElec   +          Harm     .   (no cloak)
rCorr   .          Rampage  .   (no gloves)
Will    .....                   l - +0 pair of boots
Stlth   ++........              (no amulet)
HPRegen 0.05/turn               (no ring)
MPRegen 0.09/turn               (no ring)

@: no status effects
A: sickness immunity, AC +2, negative energy resistance 1, electricity
resistance, torment resistance 1, petrification resistance
a: Renounce Religion, Recall Undead Harvest


You were on level 2 of the Dungeon.
You worshipped Yredelemnul.
Yredelemnul was noncommittal.
You visited 1 branch of the dungeon, and saw 2 of its levels.

You collected 69 gold pieces.

Inventory:

Hand Weapons
 e - a +0 hand axe (weapon)
Armour
 a - a +0 robe (worn)
 c - a +0 ring mail
 l - a +0 pair of boots (worn)
Jewellery
 j - a ring of wizardry
Scrolls
 d - a scroll of poison {unknown}
 f - 3 scrolls of teleportation {unknown}
 g - 3 scrolls of identify {unknown}
 i - a scroll of amnesia {unknown}
 n - a scroll of torment {unknown}
Potions
 h - a potion of might {unknown}
 k - a potion of lignification {unknown}
 m - a potion of heal wounds {unknown}


   Skills:
 + Level 0.8 Fighting
 + Level 1.8 Dodging
 - Level 2.1 Stealth
 + Level 2.1 Spellcasting
 + Level 0.5 Conjurations
 - Level 1.0 Transmutations
 * Level 4.0 Earth Magic


You had 4 spell levels left.
You knew the following spells:

 Your Spells              Type           Power      Damage    Failure   Level
a - Sandblast             Erth           26%        2d8       4%          1

Your spell library contained the following spells:

 Spells                   Type           Power      Damage    Failure   Level
 Passwall                 Tmut/Erth      7%         N/A       12%         2
 Stone Arrow              Conj/Erth      16%        3d8       26%         3
 Petrify                  Tmut/Erth      9%         N/A       61%         4


Dungeon Overview and Level Annotations

Branches:
Dungeon (2/15)

Altars:
Nemelex Xobeh
Yredelemnul


Innate Abilities, Weirdness & Mutations

You are immune to sickness and miasma.
Your stone body is resilient. (AC +2)
You are immune to poison.
You resist negative energy. (rN+)
You are resistant to electric shocks. (rElec)
You are resistant to unholy torment.
You are immune to petrification.


Message History

Your endoplasm zombie is destroyed!
Casting: Sandblast (safe; 4% risk of failure)
Confirm with . or Enter, or press ? or * to list all spells.
Aiming: Sandblast (safe; 4% risk of failure)
Press: ? - help, Shift-Dir - straight line, f - orc priest, p - orc
Aim: an orc priest, wielding a +0 dagger and wearing a +0 robe (79% to hit)
The blast of sand misses the orc priest.
The orc hits you with a +0 short sword.
The orc priest hits your rat zombie with a +0 dagger.
Your rat zombie bites the orc but does no damage.
The orc hits you with a +0 short sword.
The orc priest mumbles some strange prayers to Beogh against you.
Pain shoots through your body! Magic courses through your body.
Your rat zombie bites the orc but does no damage.
The orc priest hits your rat zombie with a +0 dagger.
Your rat zombie is destroyed!
Casting: Sandblast (safe; 4% risk of failure)
Confirm with . or Enter, or press ? or * to list all spells.
Aiming: Sandblast (safe; 4% risk of failure)
Press: ? - help, Shift-Dir - straight line, f/p - orc priest
Aim: an orc priest, wielding a +0 dagger and wearing a +0 robe (79% to hit)
The blast of sand hits the orc priest but does no damage.
The orc hits you with a +0 short sword. The orc priest completely misses you.
The orc barely misses you.
The orc priest hits you with a +0 dagger.
* * * LOW HITPOINT WARNING * * *
The orc misses you. The orc barely misses you.
Casting: Sandblast (safe; 4% risk of failure)
Confirm with . or Enter, or press ? or * to list all spells.
Aiming: Sandblast (safe; 4% risk of failure)
Press: ? - help, Shift-Dir - straight line, f/p - orc priest
Aim: an orc priest, wielding a +0 dagger and wearing a +0 robe (79% to hit)
The blast of sand misses the orc priest.
The orc priest hits you but does no damage.
The orc barely misses you. The orc closely misses you.
The orc priest mumbles some strange prayers to Beogh against you.
Pain shoots through your body!
You die...
Your body rises from the dead as a mindless zombie.

### #<# #.#
##########.#
#.......##.#
#.#####....#
###Z#...o@####
#.......oo#
#.#.#.._.o##
#.#.#......# #
#.#......#
#.##..#..##
#.#.........>.
#....<###.#####
####### .#


You could see an orc priest and 3 orcs.

Vanquished Creatures
  A dart slug (D:1)
  2 bats (D:1)
  4 endoplasms
  A giant cockroach (D:1)
  2 goblins (D:1)
  A ball python (D:1)
  A frilled lizard (D:1)
  5 rats
17 creatures vanquished.

Vanquished Creatures (collateral kills)
  A goblin (D:1)
1 creature vanquished.

Vanquished Creatures (others)
  An endoplasm zombie (D:2)
  A rat zombie (D:2)
2 creatures vanquished.

Grand Total: 20 creatures vanquished

Notes
Turn   | Place    | Note
-------+----------+-------------------------------------------
     0 | D:1      | wingedge the Gargoyle Earth Elementalist began the quest
                  | for the Orb.
     0 | D:1      | Reached XP level 1. HP: 10/10 MP: 3/3
   295 | D:1      | Reached XP level 2. HP: 16/16 MP: 3/5
   332 | D:1      | Reached skill level 1 in Transmutations
   628 | D:1      | Reached skill level 4 in Earth Magic
   740 | D:1      | Found a faded altar of an unknown god.
   747 | D:1      | Prayed at the altar of an unknown god.
   747 | D:1      | Became a worshipper of Yredelemnul the Dark
   834 | D:2      | Found a sparkling altar of Nemelex Xobeh.
   888 | D:2      | Killed from afar by an orc priest

Illustrated notes

Levels and vault maps discovered:
D:1:      giann_bridges, layout_loops_ring, shapermc_ecumenical_altar_acropolis,
          minmay_close_crescents
D:2:      layout_basic, basic_altar

Skill      XL: |  1  2 |
---------------+-------+-----
Transmutations | 1 |  1.0
Earth Magic    | 4 |  4.0
Fighting       | |  0.8
Dodging        | |  1.8
Stealth        | |  2.1
Spellcasting   | |  2.1
Conjurations   | |  0.5

Action                   || total
-------------------------++-------
Melee: Club              ||     2
       Hand axe          ||     1
 Cast: Sandblast         ||    27
  Use: Potion            ||     1
Armor: Robe              ||     9
Dodge: Dodged            ||    20

Table legend: (Time is in decaauts)
 A = Elapsed time spent in this place.
 B = Non-inter-level travel time spent in this place.
 C = Inter-level travel time spent in this place.
 D = Time resting spent in this place.
 E = Time spent auto-exploring this place.
 F = Levels seen in this place.
 G = Mean time per level.
                   A        B        C        D        E       F      G
               +--------+--------+--------+--------+--------+-----+--------+
         Total |    914 |    903 |     11 |     86 |    577 |   2 |  457.0 |
       Dungeon |    914 |    903 |     11 |     86 |    577 |   2 |  457.0 |
               +--------+--------+--------+--------+--------+-----+--------+

Top non-repeatable levels by time:
     D:1: 852 daAuts
     D:2: 62 daAuts
